 Dungeon Crawl Stone Soup version 0.30-a0-121-gb27577e5d9 (webtiles) character file.

Game seed: 4942248929879173299

8423 CougarLife the Blocker (level 11, -10/89 HPs)
             Began as a Gnoll Fighter on Sept 15, 2022.
             Was an Elder of Okawaru.
             Killed by vampiric draining
             ... invoked by a vampire
              (19 damage)
             ... on level 9 of the Dungeon.
             The game lasted 00:26:25 (11731 turns).

CougarLife the Blocker (Gnoll Fighter)             Turns: 11731, Time: 00:26:25

Health: -10/89     AC: 22    Str: 19    XL:     11   Next: 30%
Magic:  20/20      EV: 10    Int: 14    God:    Okawaru [****..]
Gold:   485        SH:  7    Dex: 18    Spells: 22/22 levels left

rFire   . . .      SeeInvis .    F - +5 spear (freeze)
rCold   . . .      Faith    .    c - +0 buckler
rNeg    . . .      Spirit   .    n - +1 chain mail {rPois}
rPois   +          Reflect  .    (no helmet)
rElec   .          Harm     .    (no cloak)
rCorr   .          Rampage  .    a - +1 pair of gloves
Will    .....                    f - +2 pair of boots
Stlth   ..........               (no amulet)
HPRegen 0.24/turn                A - +4 ring of protection
MPRegen 0.17/turn                s - ring of Iluofer {Int+6 Dex+6}

@: no status effects
A: fangs 1, strong nose, distributed training
a: Renounce Religion, Heroism, Finesse


You were on level 9 of the Dungeon.
You worshipped Okawaru.
Okawaru was greatly pleased with you.
You visited 2 branches of the dungeon, and saw 10 of its levels.

You collected 485 gold pieces.

Inventory:

Hand Weapons
 l - the +1 sling "Eblyefoa" {vorpal, rElec rF+ rCorr}
   (You found it on level 8 of the Dungeon)

   Any ammunition fired from it inflicts extra damage upon your enemies.
   rF:        It protects you from fire.
   rElec:     It insulates you from electricity.
   rCorr:     It protects you from acid and corrosion.
 C - a +2 mace of holy wrath
 F - a +5 spear of freezing (weapon)
Missiles
 v - 7 boomerangs (quivered)
 D - a throwing net
 E - 8 javelins
 G - 49 stones
Armour
 a - a +1 pair of gloves (worn)
 c - a +0 buckler (worn)
 f - a +2 pair of boots (worn)
 n - a +1 chain mail of poison resistance (worn)
Jewellery
 q - a ring of protection from fire
 s - the ring of Iluofer (right hand) {Int+6 Dex+6}
   (You found it on level 3 of the Dungeon)

   [ring of dexterity]

   Int:       It affects your intelligence (+6).
   Dex:       It affects your dexterity (+6).
 A - a +4 ring of protection (left hand)
Wands
 b - a wand of polymorph (3)
 z - a wand of roots (7)
Scrolls
 e - a scroll of enchant weapon
 g - 3 scrolls of vulnerability
 j - 3 scrolls of immolation
 p - 6 scrolls of fear
 u - 2 scrolls of amnesia
 x - 2 scrolls of poison
 y - a scroll of magic mapping
 B - 3 scrolls of teleportation
 K - 2 scrolls of identify
Potions
 d - a potion of might
 h - a potion of brilliance {unknown}
 i - 2 potions of curing {unknown}
 k - a potion of flight {unknown}
 m - 2 potions of heal wounds {unknown}
 o - a potion of resistance
 r - 3 potions of degeneration
 t - 3 potions of berserk rage
 w - a potion of mutation {unknown}
 H - a potion of haste
 I - a potion of invisibility
 J - 2 potions of lignification {unknown}
 L - a potion of attraction {unknown}


   Skills:
 + Level 9.2 Fighting
 + Level 6.4 Short Blades
 + Level 6.4 Long Blades
 + Level 8.0 Axes
 + Level 6.4 Maces & Flails
 + Level 6.4 Polearms
 + Level 6.4 Staves
 + Level 6.4 Ranged Weapons
 + Level 6.4 Throwing
 + Level 9.2 Armour
 + Level 6.4 Dodging
 + Level 6.4 Stealth
 + Level 9.2 Shields
 + Level 6.4 Unarmed Combat
 + Level 6.4 Spellcasting
 + Level 5.3 Conjurations
 + Level 5.3 Hexes
 + Level 5.3 Summonings
 + Level 5.3 Necromancy
 + Level 5.3 Translocations
 + Level 5.3 Transmutations
 + Level 5.3 Fire Magic
 + Level 5.3 Ice Magic
 + Level 5.3 Air Magic
 + Level 5.3 Earth Magic
 + Level 5.3 Poison Magic
 + Level 7.0 Invocations
 + Level 6.4 Evocations


You had 22 spell levels left.
You didn't know any spells.
Your spell library contained the following spells:

 Spells                   Type           Power      Damage    Failure   Level
 Freeze                   Ice            76%        1d9       17%         1
 Magic Dart               Conj           76%        1d6       17%         1
 Necrotise                Necr           76%        1d7       17%         1
 Shock                    Conj/Air       76%        1d7       17%         1
 Poisonous Vapours        Pois/Air       38%        N/A       26%         2
 Searing Ray              Conj           38%        2d5       26%         2
 Confusing Touch          Hex            19%        N/A       45%         3
 Inner Flame              Hex/Fire       19%        N/A       45%         3
 Swiftness                Air            19%        N/A       45%         3
 Vampiric Draining        Necr           19%        2d7       45%         3
 Airstrike                Air            9%         2d(2-18)  86%         4
 Cause Fear               Hex            9%         N/A       86%         4
 Fulminant Prism          Conj/Hex       9%         3d7       86%         4
 Iskenderun's Mystic Bla  Conj/Tloc      19%        2d6       86%         4
 Agony                    Necr           19%        N/A       99%         5
 Arcjolt                  Conj/Air       9%         1d19      99%         5
 Fireball                 Conj/Fire      9%         3d6       99%         5
 Yara's Violent Unravell  Hex/Tmut       9%         3d6       99%         5
 Iron Shot                Conj/Erth      9%         9d3       100%        6
 Enfeeble                 Hex            9%         N/A       100%        7
 Discord                  Hex            9%         N/A       100%        8
 Call Imp                 Summ           Unusable   N/A       N/A         2

Dungeon Overview and Level Annotations

Branches:
Dungeon (9/15)             Temple (1/1) D:4
   Lair: D:8-11         Orc: D:9-12

Altars:
Ashenzari
Cheibriados
Dithmenos
Elyvilon
Fedhas
Gozag
Hepliaklqana
Kikubaaqudgha
Makhleb
Nemelex Xobeh
Okawaru
Qazlal
Ru
Sif Muna
Trog
Uskayaw
Vehumet
Wu Jian
Xom
Yredelemnul
Zin
The Shining One

Shops:
D:9 !


Innate Abilities, Weirdness & Mutations

You have very sharp teeth.
Your uncanny sense of smell can sniff out nearby items.
Your experience applies equally to all skills.


Message History

The shadow is severely damaged.
You feel like a meek peon again. The shadow hits you.
You hit the shadow.
The shadow is severely damaged.
The shadow hits you!
You puncture the shadow!
You destroy the shadow!
Okawaru accepts your kill.
Your Axes skill increases to level 8!
Something hits you but does no damage.
Deactivating autopickup; reactivate with Ctrl-A.
Something bites you but does no damage.
You see here a killer bee corpse.
You hit something but do no damage. You block something's attack.
Something bites you.
Something draws strength from your injuries!
You barely miss something. Something hits you but does no damage.
You block something's attack.
You barely miss something. Something hits you but does no damage.
Something bites you but does no damage.
You completely miss something. You bite something.
There is an open door, spattered with blood here.
You puncture something! Something hits you!
* * * LOW HITPOINT WARNING * * *
Something bites you but does no damage.
You hit something. You bite something. Something hits you but does no damage.
Something bites you but does no damage.
You hit something but do no damage. Something hits you but does no damage.
You block something's attack.
You miss something. You bite something. Something hits you!
* * * LOW HITPOINT WARNING * * *
You block something's attack.
You puncture something! You freeze something. You hit something.
Your bite misses something. Something draws life force from you!
* * * LOW HITPOINT WARNING * * *
You barely miss something. Your bite misses something.
Something draws life force from you!!
You die...

# # . # .. # ∆...
############# #### ....
#.#..#..#...###..##.....
#.##.##...###.#.........
#..#....###.#..#.#......
##....###.#..#.#@# .....
#.).###.#..#.###†# ....
#.###.#..#.###...# ...
#'#.#..#.###...### ..
#......###.$.### #
##.#..#.##..# ∆
###÷#..#.##.
#.##.#..#.## ∆
#..##.#..#.##


There were no monsters in sight!

Vanquished Creatures
  2 two-headed ogres (D:9)
  Pikel (D:7)
  A troll (D:9)
  A vampire (D:9)
  Sigmund (D:5)
  2 shadows (D:9)
  6 yaks (D:9)
  A steam dragon (D:6)
  Menkaure (D:4)
  4 water moccasins
  Duvessa (D:7)
  3 acid dragons
  2 orc warriors
  2 ice beasts
  2 sky beasts (D:7)
  An ogre (D:5)
  A black bear (D:6)
  2 phantoms
  4 centaurs
  4 kobold brigands
  4 bullfrogs
  2 gnoll sergeants (D:7)
  A necrophage (D:5)
  6 scorpions
  5 wights
  Dowan (D:7)
  7 killer bees (D:9)
  6 howler monkeys
  4 orc priests
  4 jellies
  2 gnoll boudas
  4 iguanas
  Ijyb (D:4)
  5 orc wizards
  13 gnolls
  8 adders
  2 shadow imps
  2 ufetubi
  A worm (D:3)
  3 dart slugs
  32 orcs
  4 ball pythons
  6 endoplasms
  10 giant cockroaches
  7 goblins
  4 hobgoblins
  4 jackals
  22 kobolds
  3 quokkas
  3 bats
  6 frilled lizards
  5 rats
229 creatures vanquished.

Notes
Turn   | Place    | Note
-------+----------+-------------------------------------------
     0 | D:1      | CougarLife the Gnoll Fighter began the quest for the Orb.
     0 | D:1      | Reached XP level 1. HP: 23/23 MP: 1/1
   129 | D:1      | Reached XP level 2. HP: 29/29 MP: 2/2
   283 | D:1      | Found a faded altar of an unknown god.
   301 | D:1      | Reached XP level 3. HP: 35/35 MP: 3/3
   643 | D:1      | Reached skill level 1 in Invocations
  1019 | D:2      | Reached skill level 1 in Short Blades
  1019 | D:2      | Reached skill level 1 in Long Blades
  1019 | D:2      | Reached skill level 1 in Maces & Flails
  1019 | D:2      | Reached skill level 1 in Polearms
  1019 | D:2      | Reached skill level 1 in Staves
  1019 | D:2      | Reached skill level 1 in Ranged Weapons
  1019 | D:2      | Reached skill level 1 in Throwing
  1019 | D:2      | Reached skill level 1 in Dodging
  1019 | D:2      | Reached skill level 1 in Stealth
  1019 | D:2      | Reached skill level 1 in Unarmed Combat
  1019 | D:2      | Reached skill level 1 in Spellcasting
  1019 | D:2      | Reached skill level 1 in Evocations
  1092 | D:2      | Reached XP level 4. HP: 34/41 MP: 5/5
  1338 | D:2      | Reached skill level 1 in Conjurations
  1338 | D:2      | Reached skill level 1 in Hexes
  1338 | D:2      | Reached skill level 1 in Summonings
  1338 | D:2      | Reached skill level 1 in Necromancy
  1338 | D:2      | Reached skill level 1 in Translocations
  1338 | D:2      | Reached skill level 1 in Transmutations
  1338 | D:2      | Reached skill level 1 in Fire Magic
  1338 | D:2      | Reached skill level 1 in Ice Magic
  1338 | D:2      | Reached skill level 1 in Air Magic
  1338 | D:2      | Reached skill level 1 in Earth Magic
  1338 | D:2      | Reached skill level 1 in Poison Magic
  1791 | D:3      | Found a hide-covered altar of Uskayaw.
  1870 | D:3      | Reached XP level 5. HP: 47/47 MP: 7/7
  2215 | D:3      | Identified the ring of Iluofer {Int+6 Dex+6}
  2699 | D:4      | Noticed Menkaure
  2764 | D:4      | Reached XP level 6. HP: 53/53 MP: 8/8
  2813 | D:4      | Noticed Ijyb
  2873 | D:4      | Reached skill level 5 in Axes
  2892 | D:4      | Found a staircase to the Ecumenical Temple.
  2906 | Temple   | Entered the Ecumenical Temple
  3123 | Temple   | Became a worshipper of Warmaster Okawaru
  3191 | D:4      | Found a white marble altar of Elyvilon.
  3279 | D:4      | Killed Menkaure
  3660 | D:4      | Reached XP level 7. HP: 32/60 MP: 10/10
  4395 | D:4      | HP: 2/60 [Ijyb/+0 dagger of distortion (5)]
  4807 | D:4      | Killed Ijyb
  5075 | D:5      | Entered Level 5 of the Dungeon
  5121 | D:5      | Noticed Sigmund
  5138 | D:5      | Killed Sigmund
  5138 | D:5      | Reached * piety under Okawaru
  5177 | D:5      | Found a radiant altar of Vehumet.
  5222 | D:5      | Reached XP level 8. HP: 63/67 MP: 12/12
  5721 | D:5      | Found a blossoming altar of Fedhas.
  5721 | D:5      | Found an ancient bone altar of Kikubaaqudgha.
  6312 | D:6      | Reached ** piety under Okawaru
  6369 | D:6      | Got Kapn's Beginning Course on Magic
  6610 | D:6      | Reached XP level 9. HP: 73/73 MP: 14/14
  7059 | D:7      | Found a burning altar of Makhleb.
  7201 | D:7      | Noticed Duvessa
  7233 | D:7      | Reached skill level 5 in Invocations
  7237 | D:7      | Killed Duvessa
  7247 | D:7      | Noticed Dowan
  7259 | D:7      | Killed Dowan
  7283 | D:7      | Noticed Pikel
  7286 | D:7      | Reached *** piety under Okawaru
  7296 | D:7      | Killed Pikel
  7297 | D:7      | Reached skill level 5 in Short Blades
  7297 | D:7      | Reached skill level 5 in Long Blades
  7297 | D:7      | Reached skill level 5 in Maces & Flails
  7297 | D:7      | Reached skill level 5 in Polearms
  7297 | D:7      | Reached skill level 5 in Staves
  7297 | D:7      | Reached skill level 5 in Ranged Weapons
  7297 | D:7      | Reached skill level 5 in Throwing
  7297 | D:7      | Reached skill level 5 in Dodging
  7297 | D:7      | Reached skill level 5 in Stealth
  7297 | D:7      | Reached skill level 5 in Unarmed Combat
  7297 | D:7      | Reached skill level 5 in Spellcasting
  7297 | D:7      | Reached skill level 5 in Evocations
  7297 | D:7      | Reached XP level 10. HP: 81/81 MP: 14/17
  7649 | D:7      | Received a gift from Okawaru
  8357 | D:8      | Identified the +1 sling "Eblyefoa" {vorpal, rElec rF+
                  | rCorr}
  8980 | D:8      | Found a sparkling altar of Nemelex Xobeh.
  9931 | D:8      | Reached **** piety under Okawaru
  9931 | D:8      | Received a gift from Okawaru
 10206 | D:9      | Noticed a two-headed ogre
 10217 | D:9      | Killed a two-headed ogre
 10217 | D:9      | Received a gift from Okawaru
 10553 | D:9      | Found Rennuch's Distillery.
 10832 | D:9      | Noticed a two-headed ogre
 10847 | D:9      | Killed a two-headed ogre
 10847 | D:9      | Received a gift from Okawaru
 10848 | D:9      | Reached skill level 5 in Conjurations
 10848 | D:9      | Reached skill level 5 in Hexes
 10848 | D:9      | Reached skill level 5 in Summonings
 10848 | D:9      | Reached skill level 5 in Necromancy
 10848 | D:9      | Reached skill level 5 in Translocations
 10848 | D:9      | Reached skill level 5 in Transmutations
 10848 | D:9      | Reached skill level 5 in Fire Magic
 10848 | D:9      | Reached skill level 5 in Ice Magic
 10848 | D:9      | Reached skill level 5 in Air Magic
 10848 | D:9      | Reached skill level 5 in Earth Magic
 10848 | D:9      | Reached skill level 5 in Poison Magic
 10848 | D:9      | Reached XP level 11. HP: 39/89 MP: 18/20
 11146 | D:9      | Found a glowing silver altar of Zin.
 11597 | D:9      | Got Cerra's Willworking, Part Two
 11645 | D:9      | Got Vehumet's Essays on Blasting
 11731 | D:9      | Killed from afar by a vampire

Illustrated notes

Levels and vault maps discovered:
D:1:      minmay_arrival_solitary_statue, layout_basic,
          dreamdust_ecumenical_altar_angels_and_demons, minmay_worlds_worst_comb
D:2:      layout_loops_ring
D:3:      layout_rooms, general_overflow_altar
D:4:      layout_cave_pools, mainiacjoe_overflow_alcove_1,
          minmay_temple_entry_arrows, uniq_ijyb, uniq_menkaure
D:5:      layout_rooms, gammafunk_temple_overflow_forgotten, uniq_sigmund
D:6:      layout_loops_ring
D:7:      minmay_octagon_keep, layout_basic, old_standard_altar, uniq_pikel,
          uniq_duvessa
D:8:      layout_loops_corners, nemelex_diamond_rough_becter
D:9:      minmay_razor_zed, layout_basic, mainiacjoe_overflow_boulevard,
          serial_shops, kennysheep_little_box, biasface_ghost_orc_armoury
Temple:   eino_temple_water

Skill      XL: |  1  2  3  4  5  6  7  8  9 10 11 |
---------------+----------------------------------+-----
Invocations    | 1 2 3 4 5 6 7 |  7.0
Short Blades   | 1 2 3 5 6 |  6.4
Long Blades    | 1 2 3 5 6 |  6.4
Maces & Flails | 1 2 3 5 6 |  6.4
Polearms       | 1 2 3 5 6 |  6.4
Staves         | 1 2 3 5 6 |  6.4
Ranged Weapons | 1 2 3 5 6 |  6.4
Throwing       | 1 2 3 5 6 |  6.4
Dodging        | 1 2 3 5 6 |  6.4
Stealth        | 1 2 3 5 6 |  6.4
Unarmed Combat | 1 2 3 5 6 |  6.4
Spellcasting   | 1 2 3 5 6 |  6.4
Evocations     | 1 2 3 5 6 |  6.4
Conjurations   | 1 2 3 4 5 |  5.3
Hexes          | 1 2 3 4 5 |  5.3
Summonings     | 1 2 3 4 5 |  5.3
Necromancy     | 1 2 3 4 5 |  5.3
Translocations | 1 2 3 4 5 |  5.3
Transmutations | 1 2 3 4 5 |  5.3
Fire Magic     | 1 2 3 4 5 |  5.3
Ice Magic      | 1 2 3 4 5 |  5.3
Air Magic      | 1 2 3 4 5 |  5.3
Earth Magic    | 1 2 3 4 5 |  5.3
Poison Magic   | 1 2 3 4 5 |  5.3
Axes           | 5 6 7 8 |  8.0
Fighting       | 7 8 9 |  9.2
Armour         | 7 8 9 |  9.2
Shields        | 7 8 9 |  9.2

Action                   |  1- 3 |  4- 6 |  7- 9 | 10-12 || total
-------------------------+-------+-------+-------+-------++-------
Melee: War axe           |    66 |       |       |       ||    66
       Bite              |     7 |    33 |    80 |    72 ||   192
       Short sword       |    33 |   264 |   549 |   106 ||   952
       Spear             |       |       |       |   346 ||   346
 Fire: Sling             |       |       |       |    27 ||    27
Invok: Heroism           |       |       |     5 |    13 ||    18
Evoke: Wand              |       |       |     5 |       ||     5
  Use: Scroll            |       |     3 |     6 |     4 ||    13
       Potion            |       |       |     3 |       ||     3
 Stab: Sleeping          |       |     1 |       |       ||     1
Armor: Scale mail        |    39 |    99 |    12 |       ||   150
       Chain mail        |       |       |   260 |   140 ||   400
Dodge: Dodged            |    46 |   129 |   146 |   162 ||   483
Block: Buckler           |    30 |    73 |   126 |   114 ||   343

Table legend: (Time is in decaauts)
 A = Elapsed time spent in this place.
 B = Non-inter-level travel time spent in this place.
 C = Inter-level travel time spent in this place.
 D = Time resting spent in this place.
 E = Time spent auto-exploring this place.
 F = Levels seen in this place.
 G = Mean time per level.
                   A        B        C        D        E       F      G
               +--------+--------+--------+--------+--------+-----+--------+
         Total |  11473 |  10790 |    683 |   3026 |   5045 |  10 | 1147.3 |
       Dungeon |  11236 |  10571 |    665 |   3026 |   4846 |   9 | 1248.4 |
        Temple |    236 |    218 |     18 |      0 |    199 |   1 |  236.0 |
               +--------+--------+--------+--------+--------+-----+--------+

Top non-repeatable levels by time:
     D:4: 2157 daAuts
     D:7: 1669 daAuts
     D:9: 1556 daAuts
     D:8: 1139 daAuts
     D:1: 1016 daAuts
     D:2: 971 daAuts
     D:3: 951 daAuts
     D:6: 943 daAuts
     D:5: 831 daAuts
  Temple: 236 daAuts
